 Dungeon Crawl Stone Soup version 0.24.0-123-gd5b16e6ec5 (webtiles) character file.

Game seed: 9382171262574005201, levelgen mode: deterministic

78 Norian the Conjurer (level 4, -2/24 HPs)
             Began as a Deep Elf Conjurer on Dec 23, 2019.
             Slain by Sigmund
             ... wielding a +0 scythe
              (14 damage)
             ... on level 2 of the Dungeon.
             The game lasted 00:02:38 (1418 turns).

Norian the Conjurer (Deep Elf Conjurer)             Turns: 1418, Time: 00:02:39

Health: -2/24      AC:  3    Str:  6    XL:     4   Next: 15%
Magic:  4/12       EV: 13    Int: 20    God:
Gold:   94         SH:  0    Dex: 15    Spells: 3/12 levels left

rFire    . . .     SeeInvis .   o - +0 club
rCold    . . .     Gourm    .   (no shield)
rNeg     . . .     Faith    .   a - +0 robe
rPois    .         Spirit   .   (no helmet)
rElec    .         Reflect  .   (no cloak)
rCorr    .         Harm     .   (no gloves)
MR       .....                  d - +0 pair of boots
Stlth    ++........             (no amulet)
HPRegen  0.08/turn              (no ring)
MPRegen  0.13/turn              (no ring)

@: very slightly contaminated
A: no striking features
a: no special abilities


You were on level 2 of the Dungeon.
You were hungry.

You visited 1 branch of the dungeon, and saw 2 of its levels.

You collected 94 gold pieces.

Inventory:

Hand Weapons
 o - a +0 club (weapon)
Armour
 a - a +0 robe (worn)
 d - a +0 pair of boots (worn)
Jewellery
 h - a cursed +4 ring of dexterity {unknown}
 q - a cursed amulet of inaccuracy {unknown}
Scrolls
 b - a scroll of random uselessness {unknown}
 e - 3 scrolls of identify {unknown}
 i - 2 scrolls of immolation {unknown}
 j - a scroll of remove curse {unknown}
 n - a scroll of fog {unknown}
 p - a scroll of amnesia {unknown}
 r - 2 scrolls of teleportation {unknown}
Potions
 f - 2 potions of ambrosia {unknown}
 g - a potion of cancellation {unknown}
 k - 2 potions of curing {unknown}
 l - a potion of resistance {unknown}
 m - a potion of degeneration {unknown}
 s - a potion of might {unknown}
Comestibles
 c - 4 rations


   Skills:
 - Level 2.4 Dodging
 - Level 2.4 Stealth
 + Level 4.7 Spellcasting
 + Level 5.3 Conjurations
 + Level 0.3 Hexes


You had 3 spell levels left.
You knew the following spells:

 Your Spells              Type           Power        Failure   Level  Hunger
a - Magic Dart            Conj           ####         1%          1    None
b - Iskenderun's Mystic   Conj           ####....     13%         4    ####...
c - Fulminant Prism       Conj/Hex       ###.......   36%         4    ####...

Your spell library contained the following spells:

 Spells                   Type           Power        Failure   Level  Hunger
 Searing Ray              Conj           ####..       1%          2    #......
 Dazzling Spray           Conj/Hex       ###...       11%         3    ##.....
 Force Lance              Conj/Tloc      ###.....     36%         4    ####...


Dungeon Overview and Level Annotations

Branches:
Dungeon (2/15)

Altars:
Fedhas
Trog
The Shining One

Annotations:
D:2 Sigmund


Message History

Aim: Sigmund, wielding a +0 scythe and wearing a +0 robe (heavily wounded)
Okay, then.
Casting: Iskenderun's Mystic Blast (safe; 13% risk of failure)
Confirm with . or Enter, or press ? or * to list all spells.
Aiming: Magic Dart (safe; 1% risk of failure)
Press: ? - help, Shift-Dir - straight line, f/p - Sigmund
Aim: Sigmund, wielding a +0 scythe and wearing a +0 robe (heavily wounded)
The magic dart hits Sigmund.
Sigmund is severely wounded.
Sigmund closely misses you.
Casting: Magic Dart (safe; 1% risk of failure)
Confirm with . or Enter, or press ? or * to list all spells.
Aiming: Magic Dart (safe; 1% risk of failure)
Press: ? - help, Shift-Dir - straight line, f/p - Sigmund
Aim: Sigmund, wielding a +0 scythe and wearing a +0 robe (severely wounded)
The magic dart hits Sigmund.
Sigmund is severely wounded.
Sigmund hits you from afar with a +0 scythe!
Ouch! That really hurt!
You die...

###..<.@###
#.#.#.......##...##..
#####...###.÷.#.⌠.⌠(⌠.###...#..
###..##...#.......###....#.
#######.>....#<........#.#....
.#.....####...#.......#...###..
........###...#.⌠.⌠.⌠.#........
.............@#.(.....#.#.####.
.........###..#########.#.#####
.l.......†....@.....###........
.........##..........##........
.........##..........##.....###
.........##..........##.....###
........###.....÷..............
.#<....## #......>.............
###### ##........##.........
##......###......... ########
#.........


You could see Sigmund.

Vanquished Creatures
  2 adders
  2 worms (D:2)
  2 dart slugs (D:1)
  2 leopard geckos
  A giant cockroach (D:1)
  12 goblins
  6 hobgoblins
  9 kobolds
  2 bats (D:1)
  5 frilled lizards
  5 rats (D:2)
48 creatures vanquished.

Notes
Turn   | Place    | Note
-------+----------+-------------------------------------------
     0 | D:1      | Norian the Deep Elf Conjurer began the quest for the Orb.
     0 | D:1      | Reached XP level 1. HP: 10/10 MP: 6/6
   107 | D:1      | Reached XP level 2. HP: 15/15 MP: 4/8
   592 | D:2      | Reached skill level 5 in Conjurations
   592 | D:2      | Reached XP level 3. HP: 19/19 MP: 7/10
   880 | D:2      | Found a bloodstained altar of Trog.
  1163 | D:2      | Found a blossoming altar of Fedhas.
  1163 | D:2      | Found a glowing golden altar of the Shining One.
  1230 | D:2      | Reached XP level 4. HP: 24/24 MP: 9/12
  1245 | D:2      | Learned a level 4 spell: Iskenderun's Mystic Blast
  1250 | D:2      | Learned a level 4 spell: Fulminant Prism
  1282 | D:2      | Noticed Sigmund
  1418 | D:2      | Slain by Sigmund

Levels and vault maps discovered:
D:1:      co_arrival_square_in_a_square_in_a_square, layout_rooms, st_stairs_10,
          minmay_tetromino_s4
D:2:      layout_rooms, gammafunk_temple_overflow_wave, grunt_ministairs_3,
          trog_hazing_becter, uniq_sigmund

Skill      XL: |  1  2 |
---------------+-------+-----
Spellcasting   | 4 |  4.7
Conjurations   | 5 |  5.3
Dodging        | |  2.4
Stealth        | |  2.4
Hexes          | |  0.3

Action                   |  1- 3 |  4- 6 || total
-------------------------+-------+-------++-------
Melee: Club              |    19 |       ||    19
       Unarmed           |     1 |       ||     1
 Cast: Magic Dart        |    85 |    11 ||    96
       Iskenderun's Myst |       |     1 ||     1
  Eat: Chunk             |       |     1 ||     1
Armor: Robe              |     7 |     1 ||     8
Dodge: Dodged            |    24 |     8 ||    32
